TOP OF THE 1ST |
San Jose Bees batting - Pitching for Lodi Crushers : RHP Larry Lamonde
|
Pitching: RHP Larry Lamonde
|
|
Batting: RHB Ricky McMullen
|
0-0: Called Strike 0-1: Ball 1-1: Ball 2-1: Fly out, F4 (Popup, 4MD, EV 51.9 MPH)
|
Batting: RHB Ron MacDonald
|
0-0: Ball 1-0: Foul Ball, location: 2F 1-1: SINGLE (Groundball, 56S, EV 70.0 MPH) (infield hit)
|
Batting: LHB Stanley Davis
|
0-0: Fly out, F8 (Flyball, 8LM, EV 87.5 MPH)
|
Batting: LHB Stanley Younger
|
0-0: Ground out 4-3 (Groundball, 4, EV 83.8 MPH)
|
Top of the 1st over - 0 runs, 1 hit, 0 errors, 1 left on base; San Jose 0 - Lodi 0 |
BOTTOM OF THE 1ST |
Lodi Crushers batting - Pitching for San Jose Bees : RHP Frank Wills
|
Pitching: RHP Frank Wills
|
|
Batting: LHB Adrian Zepeda
|
0-0: Called Strike 0-1: Ball 1-1: Ball 2-1: Ball 3-1: Called Strike 3-2: Fly out, F8 (Flyball, 8LM, EV 88.1 MPH)
|
Batting: LHB Francisco Jabalera
|
0-0: Fly out, F8 (Flyball, 8LD, EV 93.1 MPH)
|
Batting: RHB Carmelo Martinez
|
0-0: Called Strike 0-1: Ball 1-1: Ball 2-1: Foul Ball, location: 2F 2-2: Ball 3-2: Fly out, F8 (Flyball, 8RS, EV 91.3 MPH)
|
Bottom of the 1st over - 0 runs, 0 hits, 0 errors, 0 left on base; San Jose 0 - Lodi 0 |
TOP OF THE 2ND |
San Jose Bees batting - Pitching for Lodi Crushers : RHP Larry Lamonde
|
Batting: LHB Dale Weaver
|
0-0: Ball 1-0: Ball 2-0: Swinging Strike 2-1: Foul Ball, location: 2F 2-2: Ball 3-2: Base on Balls
|
Batting: RHB Timothy Wallace
|
0-0: Called Strike 0-1: Ball 1-1: Called Strike 1-2: Fly out, F6 (Popup, 4MS, EV 75.6 MPH)
|
Batting: RHB Bill Pinkham
|
0-0: Swinging Strike 0-1: Foul Ball, location: 2F 0-2: Ball 1-2: Foul Ball, location: 2F 1-2: 2-RUN HOME RUN (Flyball, 7LD, EV 94.4 MPH), Distance : 355 ft
|
Batting: LHB Donald Seeker
|
0-0: Ball 1-0: Called Strike 1-1: Ball 2-1: Foul Ball, location: 2F 2-2: Foul Ball, location: 2F 2-2: Ground out U3 (Groundball, 34S, EV 86.9 MPH)
|
Batting: RHB Russell Ramirez
|
0-0: Called Strike 0-1: Foul Ball, location: 2F 0-2: Ball 1-2: Ground out 6-3 (Groundball, 56, EV 104.4 MPH)
|
Top of the 2nd over - 2 runs, 1 hit, 0 errors, 0 left on base; San Jose 2 - Lodi 0 |
BOTTOM OF THE 2ND |
Lodi Crushers batting - Pitching for San Jose Bees : RHP Frank Wills
|
Batting: LHB Roger Frash
|
0-0: Called Strike 0-1: Ball 1-1: Ball 2-1: Ball 3-1: Swinging Strike 3-2: Foul Ball, location: 2F 3-2: SOLO HOME RUN (Flyball, 8RXD, EV 92.5 MPH), Distance : 452 ft
|
Batting: LHB Jeff Reed
|
0-0: Ball 1-0: Ground out 4-3 (Groundball, 4, EV 88.1 MPH)
|
Batting: RHB Ron Karkovice
|
0-0: Called Strike 0-1: Foul Ball, location: 2F 0-2: Ball 1-2: Ball 2-2: Ground out 5-3 (Groundball, 56, EV 83.1 MPH)
|
Batting: RHB Steve Aragon
|
0-0: Ball 1-0: Ball 2-0: Called Strike 2-1: Ball 3-1: Swinging Strike 3-2: Foul Ball, location: 2F 3-2: Ground out 4-3 (Groundball, 4, EV 102.5 MPH)
|
Bottom of the 2nd over - 1 run, 1 hit, 0 errors, 0 left on base; San Jose 2 - Lodi 1 |
TOP OF THE 3RD |
San Jose Bees batting - Pitching for Lodi Crushers : RHP Larry Lamonde
|
Batting: RHB Ricky McMullen
|
0-0: Ground out 5-3 (Groundball, 5S, EV 80.6 MPH)
|
Batting: RHB Ron MacDonald
|
0-0: Ball 1-0: Swinging Strike 1-1: Called Strike 1-2: Ball 2-2: Strikes out swinging, 2-3 out at first.
|
Batting: LHB Stanley Davis
|
0-0: Ball 1-0: Called Strike 1-1: Foul Ball, location: 2F 1-2: Ball 2-2: Ball 3-2: Foul Ball, location: 2F 3-2: Strikes out looking
|
Top of the 3rd over - 0 runs, 0 hits, 0 errors, 0 left on base; San Jose 2 - Lodi 1 |
BOTTOM OF THE 3RD |
Lodi Crushers batting - Pitching for San Jose Bees : RHP Frank Wills
|
Batting: SHB Leon Baham
|
0-0: Ball 1-0: Called Strike 1-1: Called Strike 1-2: Foul Ball, location: 2F 1-2: Fly out, F9 (Flyball, 9LM, EV 88.8 MPH)
|
Batting: RHB Chris Baker
|
0-0: Ball 1-0: Fly out, F8 (Flyball, 89M, EV 76.3 MPH)
|
Batting: LHB Adrian Zepeda
|
0-0: Called Strike 0-1: Foul Ball, location: 2F 0-2: Ground out 5-3 (Groundball, 56, EV 103.1 MPH)
|
Bottom of the 3rd over - 0 runs, 0 hits, 0 errors, 0 left on base; San Jose 2 - Lodi 1 |
TOP OF THE 4TH |
San Jose Bees batting - Pitching for Lodi Crushers : RHP Larry Lamonde
|
Batting: LHB Stanley Younger
|
0-0: Called Strike 0-1: Ball 1-1: Ground out 3-1 (Groundball, 34S, EV 90.0 MPH)
|
Batting: LHB Dale Weaver
|
0-0: Ball 1-0: Ball 2-0: Foul Ball, location: 2F 2-1: SINGLE (Groundball, 34D, EV 103.1 MPH)
|
Batting: RHB Timothy Wallace
|
0-0: Swinging Strike 0-1: SINGLE (Line Drive, 3L, EV 106.3 MPH) Dale Weaver to second
|
Batting: RHB Bill Pinkham
|
0-0: Called Strike 0-1: Foul Ball, location: 2F 0-2: Fly out, F9 (Flyball, 9, EV 88.1 MPH)
|
Batting: LHB Donald Seeker
|
0-0: Fly out, F9 (Flyball, 89M, EV 93.8 MPH)
|
Top of the 4th over - 0 runs, 2 hits, 0 errors, 2 left on base; San Jose 2 - Lodi 1 |
BOTTOM OF THE 4TH |
Lodi Crushers batting - Pitching for San Jose Bees : RHP Frank Wills
|
Batting: LHB Francisco Jabalera
|
0-0: Ball 1-0: Ball 2-0: Ball 3-0: Base on Balls
|
Batting: RHB Carmelo Martinez
|
0-0: Called Strike 0-1: Ball Francisco Jabalera steals 2nd base 1-1: Fly out, F9 (Flyball, 9D, EV 95.0 MPH) Runner from 2nd tags up, SAFE at 3rd, no throw by RF
|
Batting: LHB Roger Frash
|
0-0: Fly out, F8 (Flyball, 8RS, EV 85.0 MPH)
|
Batting: LHB Jeff Reed
|
0-0: Ball 1-0: Called Strike 1-1: Ball 2-1: Fly out, F7 (Flyball, 7, EV 82.5 MPH)
|
Bottom of the 4th over - 0 runs, 0 hits, 0 errors, 1 left on base; San Jose 2 - Lodi 1 |
TOP OF THE 5TH |
San Jose Bees batting - Pitching for Lodi Crushers : RHP Larry Lamonde
|
Batting: RHB Russell Ramirez
|
0-0: Reached on error, E6 (Groundball, 6, EV 78.8 MPH)
|
Batting: RHB Ricky McMullen
|
0-0: Ball 1-0: Foul Ball, location: 2F 1-1: Called Strike 1-2: Ball 2-2: Ball 3-2: Fly out, F2 (Popup, 3SF, EV 80.6 MPH)
|
Batting: RHB Ron MacDonald
|
0-0: Called Strike 0-1: Foul Ball, location: 2F 0-2: Ball 1-2: Strikes out swinging
|
Batting: LHB Stanley Davis
|
0-0: Called Strike 0-1: Ground out 4-3 (Groundball, 4, EV 100.0 MPH)
|
Top of the 5th over - 0 runs, 0 hits, 1 error, 1 left on base; San Jose 2 - Lodi 1 |
BOTTOM OF THE 5TH |
Lodi Crushers batting - Pitching for San Jose Bees : RHP Frank Wills
|
Batting: RHB Ron Karkovice
|
0-0: Foul Ball, location: 2F 0-1: Ball 1-1: Ball 2-1: Foul Ball, location: 2F 2-2: Foul Ball, location: 2F 2-2: Fly out, F6 (Line Drive, 6, EV 69.4 MPH)
|
Batting: RHB Steve Aragon
|
0-0: Ball 1-0: Foul Ball, location: 2F 1-1: SOLO HOME RUN (Flyball, 7LD, EV 92.5 MPH), Distance : 360 ft
|
Batting: SHB Leon Baham
|
0-0: Called Strike 0-1: Called Strike 0-2: Ball 1-2: Strikes out swinging
|
Batting: RHB Chris Baker
|
0-0: Called Strike 0-1: Ball 1-1: Fly out, F4 (Popup, 4, EV 75.0 MPH)
|
Bottom of the 5th over - 1 run, 1 hit, 0 errors, 0 left on base; San Jose 2 - Lodi 2 |
TOP OF THE 6TH |
San Jose Bees batting - Pitching for Lodi Crushers : RHP Larry Lamonde
|
Batting: LHB Stanley Younger
|
0-0: Called Strike 0-1: Ball 1-1: Ball 2-1: Ground out 6-3 (Groundball, 6, EV 90.0 MPH)
|
Batting: LHB Dale Weaver
|
0-0: Foul Ball, location: 2F 0-1: Ground out 6-3 (Groundball, 6M, EV 101.9 MPH)
|
Batting: RHB Timothy Wallace
|
0-0: Swinging Strike 0-1: Foul Ball, location: 2F 0-2: Ball 1-2: SINGLE (Line Drive, 8LS, EV 105.6 MPH)
|
Batting: RHB Bill Pinkham
|
0-0: Called Strike 0-1: Fly out, F8 (Line Drive, 8RD, EV 91.3 MPH)
|
Top of the 6th over - 0 runs, 1 hit, 0 errors, 1 left on base; San Jose 2 - Lodi 2 |
BOTTOM OF THE 6TH |
Lodi Crushers batting - Pitching for San Jose Bees : RHP Frank Wills
|
Batting: LHB Adrian Zepeda
|
0-0: Ball 1-0: Swinging Strike 1-1: Foul Ball, location: 2F 1-2: Ground out 6-3 (Groundball, 6M, EV 83.1 MPH)
|
Batting: LHB Francisco Jabalera
|
0-0: Ball 1-0: Ball 2-0: Called Strike 2-1: Foul Ball, location: 2F 2-2: Ball 3-2: Base on Balls
|
Batting: RHB Carmelo Martinez
|
0-0: Called Strike 0-1: Ball 1-1: Fly out, F8 (Line Drive, 8RD, EV 101.3 MPH)
|
Batting: LHB Roger Frash
|
0-0: Ball 1-0: Foul Ball, location: 2F 1-1: Ball 2-1: Called Strike 2-2: Foul Ball, location: 2F 2-2: Strikes out swinging
|
Bottom of the 6th over - 0 runs, 0 hits, 0 errors, 1 left on base; San Jose 2 - Lodi 2 |
TOP OF THE 7TH |
San Jose Bees batting - Pitching for Lodi Crushers : RHP Larry Lamonde
|
Batting: LHB Donald Seeker
|
0-0: Foul Ball, location: 2F 0-1: Called Strike 0-2: Foul Ball, location: 2F 0-2: Ball 1-2: Ball 2-2: Ball 3-2: Foul Ball, location: 2F 3-2: Fly out, F8 (Flyball, 8LD, EV 103.8 MPH)
|
Batting: RHB Russell Ramirez
|
0-0: Called Strike 0-1: Called Strike 0-2: Fly out, F8 (Flyball, 78D, EV 92.5 MPH)
|
Batting: RHB Ricky McMullen
|
0-0: Ball 1-0: Called Strike 1-1: Ball 2-1: Called Strike 2-2: Fly out, F9 (Flyball, 89S, EV 90.0 MPH)
|
Top of the 7th over - 0 runs, 0 hits, 0 errors, 0 left on base; San Jose 2 - Lodi 2 |
BOTTOM OF THE 7TH |
Lodi Crushers batting - Pitching for San Jose Bees : RHP Frank Wills
|
Batting: LHB Jeff Reed
|
0-0: Called Strike 0-1: Swinging Strike 0-2: Ball 1-2: Fly out, F8 (Flyball, 8LD, EV 88.8 MPH)
|
Batting: RHB Ron Karkovice
|
0-0: Called Strike 0-1: Ball 1-1: Called Strike 1-2: Foul Ball, location: 2F 1-2: Strikes out swinging
|
Batting: RHB Steve Aragon
|
0-0: Called Strike 0-1: DOUBLE (Line Drive, 8LD, EV 103.1 MPH)
|
Batting: SHB Leon Baham
|
0-0: Ball 1-0: Ball 2-0: Ground out 4-3 (Groundball, 4, EV 83.1 MPH)
|
Bottom of the 7th over - 0 runs, 1 hit, 0 errors, 1 left on base; San Jose 2 - Lodi 2 |
TOP OF THE 8TH |
San Jose Bees batting - Pitching for Lodi Crushers : RHP Larry Lamonde
|
Batting: RHB Ron MacDonald
|
0-0: Ground out U3 (Groundball, 34, EV 100.0 MPH)
|
Batting: LHB Stanley Davis
|
0-0: Ball 1-0: Swinging Strike 1-1: Swinging Strike 1-2: Strikes out swinging
|
Batting: LHB Stanley Younger
|
0-0: Called Strike 0-1: Ball 1-1: Ground out 6-3 (Groundball, 6M, EV 102.5 MPH)
|
Top of the 8th over - 0 runs, 0 hits, 0 errors, 0 left on base; San Jose 2 - Lodi 2 |
BOTTOM OF THE 8TH |
Lodi Crushers batting - Pitching for San Jose Bees : RHP Frank Wills
|
Batting: RHB Chris Baker
|
0-0: Ball 1-0: Fly out, F8 (Flyball, 89M, EV 76.3 MPH)
|
Batting: LHB Adrian Zepeda
|
0-0: Ball 1-0: SINGLE (Groundball, 34D, EV 101.3 MPH)
|
Batting: LHB Francisco Jabalera
|
0-0: Ball Adrian Zepeda steals 2nd base 1-0: Called Strike 1-1: Called Strike 1-2: SINGLE (Flyball, 34D, EV 90.6 MPH) Adrian Zepeda to third
|
Batting: RHB Carmelo Martinez
|
0-0: Ball 1-0: Ball 2-0: Ball 3-0: Called Strike 3-1: Base on Balls Francisco Jabalera to second
|
Batting: LHB Roger Frash
|
0-0: Ball 1-0: Ball 2-0: Fly out, F8 (Line Drive, 8LD, EV 90.6 MPH) Runner from 3rd tags up, SCORES, throw by CF
|
Batting: LHB Jeff Reed
|
0-0: Called Strike 0-1: Fly out, F8 (Line Drive, 8LD, EV 100.6 MPH)
|
Bottom of the 8th over - 1 run, 2 hits, 0 errors, 2 left on base; San Jose 2 - Lodi 3 |
TOP OF THE 9TH |
San Jose Bees batting - Pitching for Lodi Crushers : RHP Larry Lamonde
|
Batting: LHB Dale Weaver
|
0-0: Ball 1-0: Ball 2-0: Ball 3-0: Base on Balls
|
Batting: RHB Timothy Wallace
|
0-0: Ball 1-0: SINGLE (Flyball, 8LS, EV 97.5 MPH) Dale Weaver to second Runner from 2nd tries for 3rd, SAFE, throw by CF made to third
|
Batting: RHB Bill Pinkham
|
0-0: Called Strike 0-1: Ball 1-1: Called Strike 1-2: Ball 2-2: Foul Ball, location: 2F 2-2: Strikes out swinging
|
Batting: LHB Donald Seeker
|
0-0: Ball 1-0: Fielders Choice at 2nd, 4-6 (Groundball, 4, EV 84.4 MPH) Dale Weaver scores
|
Batting: RHB Russell Ramirez
|
0-0: Called Strike 0-1: Ball 1-1: Ball Wild Pitch! Donald Seeker to second 2-1: Swinging Strike 2-2: Foul Ball, location: 2F 2-2: Ball 3-2: Foul Ball, location: 2F 3-2: Ground out 6-3 (Groundball, 6, EV 86.3 MPH)
|
Top of the 9th over - 1 run, 1 hit, 0 errors, 1 left on base; San Jose 3 - Lodi 3 |
BOTTOM OF THE 9TH |
Lodi Crushers batting - Pitching for San Jose Bees : RHP Frank Wills
|
Batting: RHB Ron Karkovice
|
0-0: Ball 1-0: Ball 2-0: Ball 3-0: Swinging Strike 3-1: Called Strike 3-2: Strikes out swinging
|
Pinch Hitting: SHB Michael Madril
|
0-0: Foul Ball, location: 2F 0-1: Ball 1-1: Ball 2-1: Fly out, F8 (Line Drive, 8RM, EV 91.3 MPH)
|
Pinch Hitting: LHB Bryan Snyder
|
0-0: Called Strike 0-1: Called Strike 0-2: Ball 1-2: Ball 2-2: Foul Ball, location: 2F 2-2: Foul Ball, location: 2F 2-2: Foul Ball, location: 2F 2-2: Ball 3-2: DOUBLE (Line Drive, 89M, EV 110.6 MPH)
|
Pinch Hitting: LHB Robbie Geels
|
0-0: Foul Ball, location: 2F 0-1: Ball 1-1: Called Strike 1-2: Ball 2-2: Fly out, F8 (Flyball, 89D, EV 90.6 MPH)
|
Bottom of the 9th over - 0 runs, 1 hit, 0 errors, 1 left on base; San Jose 3 - Lodi 3 |
TOP OF THE 10TH |
San Jose Bees batting - Pitching for Lodi Crushers : RHP Larry Lamonde
|
Now at 2B: Andy Vargas
|
|
Now at SS: Jose Morales
|
|
Now in CF: Bryan Snyder
|
|
Batting: RHB Ricky McMullen
|
0-0: Foul Ball, location: 2F 0-1: Called Strike 0-2: Foul Ball, location: 2F 0-2: Ball 1-2: Ball 2-2: Ball 3-2: Fly out, F8 (Flyball, 8RS, EV 83.8 MPH)
|
Batting: RHB Ron MacDonald
|
0-0: Foul Ball, location: 2F 0-1: Ball 1-1: Foul Ball, location: 2F 1-2: SINGLE (Line Drive, 78S, EV 100.6 MPH)
|
Pitching: RHP Ian Stubberfield
|
|
Batting: LHB Stanley Davis
|
0-0: Fly out, F6 (Popup, 6, EV 60.0 MPH)
|
Batting: LHB Stanley Younger
|
0-0: Called Strike 0-1: Ball 1-1: Ball 2-1: Called Strike 2-2: Foul Ball, location: 2F 2-2: Fly out, F8 (Flyball, 89D, EV 91.3 MPH)
|
Top of the 10th over - 0 runs, 1 hit, 0 errors, 1 left on base; San Jose 3 - Lodi 3 |
BOTTOM OF THE 10TH |
Lodi Crushers batting - Pitching for San Jose Bees : RHP Frank Wills
|
Batting: LHB Adrian Zepeda
|
0-0: Ball 1-0: Fly out, F7 (Flyball, 7D, EV 105.6 MPH)
|
Batting: LHB Francisco Jabalera
|
0-0: Ball 1-0: Foul Ball, location: 2F 1-1: Ball 2-1: Foul Ball, location: 2F 2-2: Ground out 3-1 (Groundball, 34, EV 108.1 MPH)
|
Batting: RHB Carmelo Martinez
|
0-0: Called Strike 0-1: Ball 1-1: Foul Ball, location: 2F 1-2: Ball 2-2: Strikes out looking
|
Bottom of the 10th over - 0 runs, 0 hits, 0 errors, 0 left on base; San Jose 3 - Lodi 3 |
TOP OF THE 11TH |
San Jose Bees batting - Pitching for Lodi Crushers : RHP Ian Stubberfield
|
Batting: LHB Dale Weaver
|
0-0: Ball 1-0: Ball 2-0: Fly out, F8 (Flyball, 8RD, EV 99.4 MPH)
|
Batting: RHB Timothy Wallace
|
0-0: Foul Ball, location: 2F 0-1: Foul Ball, location: 2F 0-2: Ground out 5-3 (Groundball, 56S, EV 88.1 MPH)
|
Batting: RHB Bill Pinkham
|
0-0: Fly out, F6 (Popup, 6D, EV 51.3 MPH)
|
Top of the 11th over - 0 runs, 0 hits, 0 errors, 0 left on base; San Jose 3 - Lodi 3 |
BOTTOM OF THE 11TH |
Lodi Crushers batting - Pitching for San Jose Bees : RHP Frank Wills
|
Batting: LHB Roger Frash
|
0-0: Called Strike 0-1: Foul Ball, location: 2F 0-2: Fly out, F8 (Flyball, 78D, EV 102.5 MPH)
|
Batting: LHB Jeff Reed
|
0-0: Called Strike 0-1: Foul Ball, location: 2F 0-2: Fly out, F8 (Line Drive, 8LD, EV 91.3 MPH)
|
Batting: RHB Ron Karkovice
|
0-0: Ball 1-0: Fly out, F8 (Flyball, 78D, EV 100.6 MPH)
|
Bottom of the 11th over - 0 runs, 0 hits, 0 errors, 0 left on base; San Jose 3 - Lodi 3 |
TOP OF THE 12TH |
San Jose Bees batting - Pitching for Lodi Crushers : RHP Ian Stubberfield
|
Batting: LHB Donald Seeker
|
0-0: Ball 1-0: Called Strike 1-1: Ball 2-1: Foul Ball, location: 2F 2-2: Ground out 4-3 (Groundball, 4, EV 107.5 MPH)
|
Batting: RHB Russell Ramirez
|
0-0: Called Strike 0-1: Foul Ball, location: 2F 0-2: Ball 1-2: Ball 2-2: Foul Ball, location: 2F 2-2: Foul Ball, location: 2F 2-2: Ball 3-2: Base on Balls
|
Batting: RHB Ricky McMullen
|
0-0: Ball 1-0: Ball 2-0: Called Strike 2-1: Fly out, F8 (Flyball, 89D, EV 101.9 MPH)
|
Batting: RHB Ron MacDonald
|
0-0: Called Strike 0-1: Ball 1-1: Ground out 4-3 (Groundball, 4, EV 82.5 MPH)
|
Top of the 12th over - 0 runs, 0 hits, 0 errors, 1 left on base; San Jose 3 - Lodi 3 |
BOTTOM OF THE 12TH |
Lodi Crushers batting - Pitching for San Jose Bees : RHP Frank Wills
|
Pinch Hitting: RHB Eric Monson
|
0-0: Ball 1-0: Ball 2-0: Ball 3-0: Base on Balls
|
Pitching: LHP Neal Heaton
|
|
Pinch Hitting: RHB Rickey Coleman
|
0-0: Fly out, F2 (Popup, 23F, EV 85.0 MPH)
|
Batting: RHB Jose Morales
|
0-0: Ball 1-0: Bunted foul 1-1: Sac Bunt to 15 - play at first, batter OUT! 1-4 Eric Monson to second
|
Batting: LHB Adrian Zepeda
|
0-0: Called Strike 0-1: Ball 1-1: Ball 2-1: Ground out 4-3 (Groundball, 4, EV 86.3 MPH)
|
Bottom of the 12th over - 0 runs, 0 hits, 0 errors, 1 left on base; San Jose 3 - Lodi 3 |
TOP OF THE 13TH |
San Jose Bees batting - Pitching for Lodi Crushers : RHP Ian Stubberfield
|
Now at 2B: Ronald Bachmeier
|
|
Now in RF: Rickey Coleman
|
|
Batting: LHB Stanley Davis
|
0-0: Ball 1-0: Ball 2-0: Foul Ball, location: 2F 2-1: Ball 3-1: Ground out 4-3 (Groundball, 4, EV 92.5 MPH)
|
Batting: LHB Stanley Younger
|
0-0: Ball 1-0: Called Strike 1-1: Ball 2-1: Foul Ball, location: 2F 2-2: Ground out 4-3 (Groundball, 4, EV 99.4 MPH)
|
Batting: LHB Dale Weaver
|
0-0: Ground out 1-3 (Groundball, 13S, EV 71.3 MPH)
|
Top of the 13th over - 0 runs, 0 hits, 0 errors, 0 left on base; San Jose 3 - Lodi 3 |
BOTTOM OF THE 13TH |
Lodi Crushers batting - Pitching for San Jose Bees : LHP Neal Heaton
|
Batting: LHB Francisco Jabalera
|
0-0: Ball 1-0: Ball 2-0: SINGLE (Groundball, 34D, EV 103.1 MPH)
|
Batting: RHB Carmelo Martinez
|
0-0: Called Strike 0-1: Ball 1-1: Called Strike 1-2: Ball 2-2: Ball 3-2: Strikes out looking
|
Batting: LHB Roger Frash
|
0-0: Called Strike 0-1: Called Strike 0-2: Fly out, F6 (Popup, 6, EV 76.3 MPH)
|
Batting: RHB Tom Nieto
|
0-0: Ball 1-0: Ball 2-0: Fielders Choice at 2nd, 6-4 (Groundball, 6, EV 86.3 MPH)
|
Bottom of the 13th over - 0 runs, 1 hit, 0 errors, 1 left on base; San Jose 3 - Lodi 3 |
TOP OF THE 14TH |
San Jose Bees batting - Pitching for Lodi Crushers : RHP Ian Stubberfield
|
Batting: RHB Timothy Wallace
|
0-0: Foul Ball, location: 2F 0-1: Called Strike 0-2: Fly out, F8 (Flyball, 8RD, EV 93.8 MPH)
|
Batting: RHB Bill Pinkham
|
0-0: Called Strike 0-1: Swinging Strike 0-2: Strikes out swinging, 2-3 out at first.
|
Batting: LHB Donald Seeker
|
0-0: Foul Ball, location: 2F 0-1: Ball 1-1: Foul Ball, location: 2F 1-2: Ground out 5-3 (Groundball, 5, EV 83.1 MPH)
|
Top of the 14th over - 0 runs, 0 hits, 0 errors, 0 left on base; San Jose 3 - Lodi 3 |
BOTTOM OF THE 14TH |
Lodi Crushers batting - Pitching for San Jose Bees : LHP Neal Heaton
|
Batting: RHB Ron Karkovice
|
0-0: Swinging Strike 0-1: Called Strike 0-2: Strikes out swinging
|
Batting: SHB Ronald Bachmeier
|
0-0: Foul Ball, location: 2F 0-1: Called Strike 0-2: Ball 1-2: Ball 2-2: Ball 3-2: Foul Ball, location: 2F 3-2: Foul Ball, location: 2F 3-2: SINGLE (Groundball, 6D, EV 109.4 MPH)
|
Batting: RHB Rickey Coleman
|
0-0: Ground out U3 (Groundball, 34S, EV 65.0 MPH) Ronald Bachmeier to second
|
Batting: RHB Jose Morales
|
0-0: Ball 1-0: Ball 2-0: Ball 3-0: Called Strike 3-1: Called Strike 3-2: Base on Balls
|
Batting: LHB Adrian Zepeda
|
0-0: Ball 1-0: Called Strike 1-1: Ball 2-1: Fly out, F7 (Flyball, 78M, EV 79.4 MPH)
|
Bottom of the 14th over - 0 runs, 1 hit, 0 errors, 2 left on base; San Jose 3 - Lodi 3 |
TOP OF THE 15TH |
San Jose Bees batting - Pitching for Lodi Crushers : RHP Ian Stubberfield
|
Batting: RHB Russell Ramirez
|
0-0: Ball 1-0: Ball 2-0: Called Strike 2-1: Fly out, F6 (Line Drive, 6, EV 71.9 MPH)
|
Batting: RHB Ricky McMullen
|
0-0: Fly out, F9 (Flyball, 89S, EV 81.3 MPH)
|
Batting: RHB Ron MacDonald
|
0-0: Ground out 4-3 (Groundball, 4, EV 83.8 MPH)
|
Top of the 15th over - 0 runs, 0 hits, 0 errors, 0 left on base; San Jose 3 - Lodi 3 |
BOTTOM OF THE 15TH |
Lodi Crushers batting - Pitching for San Jose Bees : LHP Neal Heaton
|
Batting: LHB Francisco Jabalera
|
0-0: SOLO HOME RUN (Flyball, 9D, EV 89.4 MPH), Distance : 375 ft
|
Bottom of the 15th over - 1 run, 1 hit, 0 errors, 0 left on base; San Jose 3 - Lodi 4 |
|